 Dungeon Crawl Stone Soup version 0.27-a0-498-g7ecbb0a48f (webtiles) character file.

Game seed: 4602099509229275849

71 Redexial the Skirmisher (level 4, -5/37 HPs)
             Began as a Human Wanderer on Mar 2, 2021.
             Slain by an ice beast (12 damage)
             ... on level 3 of the Dungeon.
             The game lasted 00:05:37 (2323 turns).

Redexial the Skirmisher (Human Wanderer)            Turns: 2323, Time: 00:05:37

Health: -5/37      AC:  8    Str: 12    XL:     4   Next: 47%
Magic:  4/5        EV:  8    Int: 14    God:
Gold:   157        SH:  0    Dex: 12    Spells: 4/5 levels left

rFire    . . .     SeeInvis .   k - +0 trident (vorpal)
rCold    . . .     Faith    .   (no shield)
rNeg     . . .     Spirit   .   c - +2 scale mail
rPois    .         Reflect  .   (no helmet)
rElec    .         Harm     .   (no cloak)
rCorr    .         Rampage  .   (no gloves)
Will     .....                  (no boots)
Stlth    ..........             (no amulet)
HPRegen  0.12/turn              (no ring)
MPRegen  0.09/turn              (no ring)

@: no status effects
A: no striking features
a: no special abilities


You were on level 3 of the Dungeon.
You visited 1 branch of the dungeon, and saw 3 of its levels.

You collected 157 gold pieces.

Inventory:

Hand Weapons
 a - a +0 spear
 k - a +0 vorpal trident (weapon)
Missiles
 j - 5 poisoned darts
Armour
 c - a +2 scale mail (worn)
Scrolls
 g - 3 scrolls of teleportation {unknown}
 h - 2 scrolls of magic mapping {unknown}
 i - a scroll of identify {unknown}
 l - a scroll of immolation {unknown}
Potions
 b - a potion of heal wounds {unknown}
 d - 4 potions of curing {unknown}
 e - 2 potions of invisibility {unknown}
 f - 2 potions of flight {unknown}


   Skills:
 + Level 4.0 Fighting
 + Level 1.0 Polearms
 + Level 2.5 Armour
 + Level 0.3 Dodging
 + Level 1.0 Stealth
 + Level 1.0 Shields
 + Level 1.2 Spellcasting
 + Level 1.0 Conjurations
 + Level 1.0 Transmutations
 + Level 0.3 Ice Magic
 + Level 1.0 Evocations


You had 4 spell levels left.
You knew the following spells:

 Your Spells              Type           Power        Failure   Level
a - Freeze                Ice            4%           75%         1

Your spell library contained the following spells:

 Spells                   Type           Power        Failure   Level
 Ozocubu's Armour         Ice            1%           98%         3


Dungeon Overview and Level Annotations

Branches:
Dungeon (3/15)

Altars:
Ashenzari


Message History

The leopard gecko bites you but does no damage.
Casting: Freeze (safe; 75% risk of failure)
Confirm with . or Enter, or press ? or * to list all spells.
Aiming: Freeze (safe; 75% risk of failure)
Press: ? - help, Shift-Dir - straight line, f/p - leopard gecko
Aim: a leopard gecko (almost dead)
You miscast Freeze.
Nothing appears to happen.
The leopard gecko barely misses you.
Casting: Freeze (safe; 75% risk of failure)
Confirm with . or Enter, or press ? or * to list all spells.
Aiming: Freeze (safe; 75% risk of failure)
Press: ? - help, Shift-Dir - straight line, f/p - leopard gecko
Aim: a leopard gecko (almost dead)
You miscast Freeze.
Nothing appears to happen.
The leopard gecko bites you but does no damage.
You miss the leopard gecko.
The leopard gecko is almost dead.
The leopard gecko bites you. The leopard gecko closely misses you.
You hit the leopard gecko.
You kill the leopard gecko!
No target in view!
Your magical contamination has completely faded away.
An ice beast comes into view.
Found a stone staircase leading down.
You reach to attack!
You hit the ice beast.
The ice beast is moderately wounded.
The ice beast hits you. The ice beast freezes you!
* * * LOW HITPOINT WARNING * * *
You are too injured to fight recklessly!
You are too injured to fight recklessly!
You are too injured to fight recklessly!
You hit the ice beast.
The ice beast is moderately wounded.
The ice beast hits you but does no damage.
You barely miss the ice beast.
The ice beast is moderately wounded.
The ice beast hits you.
* * * LOW HITPOINT WARNING * * *
The ice beast freezes you!
You die...

#.# #.#
#######.#######
).............. #Y#
#.# # #)####.###.#
#..........###
.######[####........
...........Y@...>#
..............####
.######.####.##
#.######.# #.#
#........# ...
########.# ....
...#.# ..###
#.#.###..#
#<.......#


You could see an ice beast.

Vanquished Creatures
  A gnoll (D:1)
  An adder (D:2)
  A worm (D:2)
  A dart slug (D:1)
  A leopard gecko (D:3)
  5 orcs (D:3)
  4 ball pythons
  3 bats (D:2)
  A giant cockroach (D:2)
  3 goblins
  6 hobgoblins
  3 frilled lizards
  7 kobolds
  2 rats
39 creatures vanquished.

Notes
Turn   | Place    | Note
-------+----------+-------------------------------------------
     0 | D:1      | Redexial the Human Wanderer began the quest for the Orb.
     0 | D:1      | Redexial set off with the following items: a +0 spear, a +2
                  | scale mail; and the following spell memorised: Freeze; and
                  | the following spells available to memorise: Ozocubu's
                  | Armour
     0 | D:1      | Reached XP level 1. HP: 18/18 MP: 2/2
    73 | D:1      | Reached XP level 2. HP: 13/24 MP: 3/3
   578 | D:1      | Reached XP level 3. HP: 21/30 MP: 4/4
   909 | D:2      | Found a broken altar of Ashenzari.
  1105 | D:2      | Reached skill level 4 in Fighting
  1700 | D:2      | Reached skill level 1 in Stealth
  1700 | D:2      | Reached XP level 4. HP: 34/37 MP: 1/5
  2062 | D:3      | Reached skill level 1 in Polearms
  2313 | D:3      | Noticed an ice beast
  2323 | D:3      | Slain by an ice beast

Illustrated notes

Levels and vault maps discovered:
D:1:      tarquinn_simple_flora_water_f, layout_basic
D:2:      layout_loops_ring, nicolae_ashenzari_panopticon
D:3:      layout_basic

Skill      XL: |  1  2  3  4 |
---------------+-------------+-----
Fighting       | 4 |  4.0
Stealth        | 1 |  1.0
Polearms       | 1 |  1.0
Armour         | |  2.5
Dodging        | |  0.3
Shields        | |  1.0
Spellcasting   | |  1.2
Conjurations   | |  1.0
Transmutations | |  1.0
Ice Magic      | |  0.3
Evocations     | |  1.0

Action                   |  1- 3 |  4- 6 || total
-------------------------+-------+-------++-------
Melee: Spear             |   135 |    41 ||   176
       Trident           |       |     9 ||     9
 Cast: Freeze            |     3 |     8 ||    11
Armor: Scale mail        |    60 |    28 ||    88
Dodge: Dodged            |    49 |    21 ||    70

Table legend: (Time is in decaauts)
 A = Elapsed time spent in this place.
 B = Non-inter-level travel time spent in this place.
 C = Inter-level travel time spent in this place.
 D = Time resting spent in this place.
 E = Time spent auto-exploring this place.
 F = Levels seen in this place.
 G = Mean time per level.
                   A        B        C        D        E       F      G
               +--------+--------+--------+--------+--------+-----+--------+
         Total |   2337 |   2190 |    147 |      0 |   1842 |   3 |  779.0 |
       Dungeon |   2337 |   2190 |    147 |      0 |   1842 |   3 |  779.0 |
               +--------+--------+--------+--------+--------+-----+--------+

Top non-repeatable levels by time:
     D:2: 1097 daAuts
     D:1: 843 daAuts
     D:3: 397 daAuts
